 Dungeon Crawl Stone Soup version 0.30-b1-2-g02819fbbbe (webtiles) character file.

Game seed: 2126386526504653625

499 emikaela the Sneak (level 7, -3/40 HPs)
             Began as a Kobold Enchanter on May 2, 2023.
             Killed by divine providence
             ... invoked by an orc priest
              (14 damage)
             ... on level 4 of the Dungeon.
             The game lasted 00:24:02 (4690 turns).

emikaela the Sneak (Kobold Enchanter)               Turns: 4690, Time: 00:24:03

Health: -3/40      AC:  8    Str:  6    XL:     7   Next: 39%
Magic:  1/11       EV: 14    Int: 18    God:
Gold:   154        SH:  0    Dex: 15    Spells: 4/12 levels left

rFire   . . .        C - +1 dagger (speed)
rCold   . . .        (no shield)
rNeg    . . .        o - +0 leather armour {rPois}
rPois   +            (no helmet)
rElec   .            (no cloak)
rCorr   .            w - +0 pair of gloves
SInv    .            (no boots)
Will    .....        (no amulet)
Stlth   ++++         j - ring of wizardry
HPRegen 0.26/turn    v - +4 ring of protection
MPRegen 0.12/turn

%: wizardry (x1)
@: about to teleport
A: small, no large weapons, nightstalker 3
a: no special abilities


You were on level 4 of the Dungeon.
You visited 1 branch of the dungeon, and saw 4 of its levels.

You collected 154 gold pieces.

Inventory:

Hand Weapons
 a - a +1 dagger
 B - a +2 short sword of speed
 C - a +1 dagger of speed (weapon)
 D - a +2 dagger of pain
Missiles
 e - 20 poisoned darts
 f - 2 curare-tipped darts {!f}
 s - 81 stones (quivered)
 t - 3 boomerangs
Armour
 o - a +0 leather armour of poison resistance (worn)
 w - a +0 pair of gloves (worn)
Jewellery
 j - a ring of wizardry (left hand)
 v - a +4 ring of protection (right hand)
Wands
 A - a wand of mindburst (2)
Scrolls
 d - 2 scrolls of identify {unknown}
 h - a scroll of butterflies {unknown}
 i - a scroll of vulnerability {unknown}
 l - a scroll of fog {unknown}
 m - a scroll of amnesia {unknown}
 p - a scroll of teleportation
 u - a scroll of fear {unknown}
 y - a scroll of immolation {unknown}
Potions
 b - a potion of might {unknown}
 c - 2 potions of invisibility
 g - a potion of flight {unknown}
 k - 2 potions of curing {unknown}
 n - a potion of degeneration {unknown}
 q - a potion of mutation {unknown}
 r - 2 potions of brilliance {unknown}
 x - a potion of ambrosia {unknown}
 z - a potion of attraction {unknown}


   Skills:
 - Level 2.0 Fighting
 + Level 4.2 Short Blades
 - Level 2.4 Dodging
 + Level 6.1 Stealth
 - Level 3.0 Spellcasting
 + Level 5.2 Hexes
 - Level 2.0 Ice Magic


You had 4 spell levels left.
You knew the following spells:

 Your Spells              Type           Power      Damage    Failure   Level
a - Confusing Touch       Hex            21%        N/A       3%          3
e - Ensorcelled Hibernat  Hex/Ice        30%        N/A       3%          2
t - Tukima's Dance        Hex            21%        N/A       3%          3

Your spell library contained the following spells:

 Spells                   Type           Power      Damage    Failure   Level
 Dazzling Flash           Conj/Hex       24%        N/A       11%         3
 Volatile Blastmotes      Fire/Tloc      4%         2d10      28%         3
 Iskenderun's Mystic Bla  Conj/Tloc      2%         2d3       65%         4
 Summon Forest            Summ/Tloc      1%         N/A       93%         5
 Eringya's Noxious Bog    Tmut/Pois      1%         N/A       100%        6
 Starburst                Conj/Fire      1%         6d3       100%        6
 Summon Hydra             Summ           1%         N/A       100%        7


Dungeon Overview and Level Annotations

Branches:
Dungeon (4/15)
 Temple: D:4-7

Altars:
Ashenzari
Makhleb
Nemelex Xobeh
Ru

Shops:
D:3 =


Innate Abilities, Weirdness & Mutations

You are small and have problems with some larger weapons.
You are completely attuned to the shadows.


Message History

Confirm with . or Enter, or press ? or * to list all spells.
Okay, then.
Press: ? - help, v - describe, . - travel, g - get item
Here: an orc priest, wielding a +0 flail Item here: a thick beryl amulet.
The floor.
Casting: Ensorcelled Hibernation (safe; 3% risk of failure)
Confirm with . or Enter, or press ? or * to list all spells.
Aiming: Tukima's Dance (dangerous; 3% risk of failure)
Press: ? - help, Shift-Dir - straight line, p - orc priest The orc priest resists with significant effort.
The orc priest invokes the aid of Beogh against you.
Pain shoots through your body!
The quokka bites you but does no damage.
Casting: Tukima's Dance (dangerous; 3% risk of failure)
Confirm with . or Enter, or press ? or * to list all spells.
Aiming: Tukima's Dance (dangerous; 3% risk of failure)
Press: ? - help, Shift-Dir - straight line The orc priest resists with significant effort.
The orc shouts!
The orc priest mumbles some strange prayers to Beogh against you.
Pain shoots through your body! The quokka barely misses you.
Casting: Tukima's Dance (dangerous; 3% risk of failure)
Confirm with . or Enter, or press ? or * to list all spells.
Aiming: Tukima's Dance (dangerous; 3% risk of failure)
Press: ? - help, Shift-Dir - straight line The orc priest resists with significant effort.
* * * LOW MAGIC WARNING * * *
The quokka misses you. The quokka attacks as you move away!
The quokka closely misses you.
The quokka bites you but does no damage.
The orc priest calls down the wrath of Beogh upon you.
Beogh smites you!
The orc priest calls down the wrath of Beogh upon you.
Pain shoots through your body!
As you read the scroll of teleportation, it crumbles to dust.
You feel strangely unstable.
The orc priest calls down the wrath of Beogh upon you.
Beogh smites you!
You die...

....##.....####
.########.....## ##.......
.### ##.##..# #........
...# ###.###.# #........
...# ###.......# #........
o.... .........#<#####
#..><.... .....
.#.##........# #........
.....
##..#####..#.######....)...
.....
..>....##....@.r#..>"...
....<
#######.....######oo......#
....#
....................#######
#### .######.....#########
## #######


You could see an orc priest, an orc and a quokka.

Vanquished Creatures
  Sigmund (D:2)
  A kobold brigand (D:4)
  A scorpion (D:4)
  A jelly (D:4)
  Jessica (D:2)
  A gnoll (D:1)
  6 adders
  3 dart slugs (D:1)
  8 orcs
  5 ball pythons
  5 endoplasms
  4 giant cockroaches
  5 goblins
  7 hobgoblins
  A quokka (D:3)
  9 bats
  5 frilled lizards
  25 kobolds
  6 rats
95 creatures vanquished.

Vanquished Creatures (others)
  64 plants (D:4)
64 creatures vanquished.

Grand Total: 159 creatures vanquished

Notes
Turn   | Place    | Note
-------+----------+-------------------------------------------
     0 | D:1      | emikaela the Kobold Enchanter began the quest for the Orb.
     0 | D:1      | Reached XP level 1. HP: 10/10 MP: 3/3
    87 | D:1      | Reached XP level 2. HP: 15/15 MP: 5/5
    94 | D:1      | Learned a level 2 spell: Ensorcelled Hibernation
   568 | D:1      | Reached skill level 1 in Ice Magic
   568 | D:1      | Reached XP level 3. HP: 19/19 MP: 1/6
   572 | D:1      | Learned a level 3 spell: Confusing Touch
  1565 | D:2      | Noticed Sigmund
  1569 | D:2      | Killed Sigmund
  1570 | D:2      | Reached skill level 1 in Fighting
  1570 | D:2      | Reached XP level 4. HP: 21/25 MP: 4/8
  1570 | D:2      | Reached XP level 5. HP: 24/29 MP: 4/9
  1570 | D:2      | Reached XP level 6. HP: 28/34 MP: 4/10
  1576 | D:2      | Learned a level 3 spell: Tukima's Dance
  1737 | D:2      | Noticed Jessica
  1741 | D:2      | Killed Jessica
  2396 | D:3      | Reached skill level 5 in Stealth
  2452 | D:3      | Found Iwkupre's Jewellery Shop.
  3174 | D:3      | Found a sparkling altar of Nemelex Xobeh.
  3687 | D:4      | Reached skill level 5 in Hexes
  3687 | D:4      | Reached XP level 7. HP: 37/40 MP: 2/11
  4325 | D:4      | Found a sacrificial altar of Ru.
  4350 | D:4      | Found a burning altar of Makhleb.
  4489 | D:4      | Found a broken altar of Ashenzari.
  4526 | D:4      | Reached skill level 6 in Stealth
  4690 | D:4      | Killed from afar by an orc priest

Illustrated notes

Levels and vault maps discovered:
D:1:      dpeg_arrival_pond, layout_loops_ring
D:2:      layout_loops_corners, uniq_sigmund, uniq_jessica
D:3:      layout_rooms, marbit_many_paths, serial_shops,
          nicolae_shop_tiny_statue_garden, kennysheep_nondescript,
          corexii_leaking_fountain, nicolae_underground_beach
D:4:      kennysheep_kobold_camp, layout_rooms, mainiacjoe_overflow_big_doors,
          ashenzari_altar_1, dk_noncrumbling_4, minmay_misc_feat_tower

Skill      XL: |  1  2  3  4  5  6  7 |
---------------+----------------------+-----
Ice Magic      | 1 2 |  2.0
Fighting       | 1 2 |  2.0
Short Blades   | 2 3 4 |  4.2
Hexes          | 4 5 |  5.2
Stealth        | 5 6 |  6.1
Spellcasting   | 3 |  3.0
Dodging        | |  2.4

Action                     |  1- 3 |  4- 6 |  7- 9 || total
---------------------------+-------+-------+-------++-------
  Melee: Dagger            |    53 |   102 |    37 ||   192
         Punch             |       |       |     1 ||     1
   Cast: Ensorcelled Hiber |    16 |    17 |    29 ||    62
         Confusing Touch   |       |     7 |       ||     7
         Tukima's Dance    |       |       |     3 ||     3
    Use: Scroll            |       |     1 |     1 ||     2
   Stab: Sleeping          |    22 |    31 |    18 ||    71
         Confused          |       |     6 |       ||     6
 Armour: Robe              |     6 |       |       ||     6
         Leather armour    |       |    16 |    10 ||    26
  Dodge: Dodged            |    33 |    46 |    21 ||   100
